Unix NetHack Version 3.7.0-90 Work-in-progress - last build Dec 4 2023 15:25:40 (a4ad6ea61a8c493010e15c9251bbb19a34919cb7,branch:master). Game began 2023-12-07 21:18:15, ended 2023-12-07 21:26:32. tromix, lawful male human Priest --- - -----.. ..--|...... -..|......*- -..........| -.......... ---..........--- --..............|--- --- |...............--.--..--- -.............[...@h....# | --- --.........d....- -.G................| -. |..............-- ---G.*........... ---................ |.................- --................| ------........---- -.----.-- -- -- Tromix the Acolyte St:11 Dx:12 Co:16 In:8 Wi:18 Ch:10 Lawful Dlvl:4 $:0 HP:0(23) Pw:48(48) AC:6 Xp:3 T:951 Latest messages: You swap places with your little dog. You see here a bubbly potion. y - a bubbly potion. You descend the stairs. You climb up the stairs. This door is locked. Unlock it with your key? [ynq] (q) y You succeed in unlocking the door. The door opens. You see here a food ration. z - a food ration. What do you want to eat? [z or ?*] ? This food really hits the spot! You finish eating the food ration. You descend the stairs. The little dog misses the gnome. The little dog bites the gnome. The gnome hits the little dog. The gnome wields a cursed crossbow! The crossbow welds itself to the gnome's hand! The little dog bites the gnome. The gnome is killed! You swap places with your little dog. You hear crashing rock. A - 2 red gems. You stop. Your little dog is in the way! The little dog bites the gnome. The gnome swings her crossbow at the little dog. The gnome hits the little dog. The gnome escapes upstairs! You kill the gnome lord! Welcome to experience level 3. The little dog eats a gnome lord corpse. You kill the gnome! You miss the dwarf. You hit the dwarf! You miss the dwarf. The dwarf drinks an orange potion! The dwarf looks completely healed. You miss the dwarf. The dwarf swings her pick-axe. The dwarf hits! You hit the dwarf! The dwarf swings her pick-axe. The dwarf hits! You miss the dwarf. The dwarf swings her pick-axe. The dwarf hits! You die... Do you want your possessions identified? [ynq] (y) q Inventory: Weapons j - 6 +0 darts (at the ready) a - a blessed +1 mace (weapon in right hand) Armor t - a +0 orcish helm (being worn) s - a +0 pair of levitation boots c - a blessed +0 small shield (being worn) b - a +0 robe (being worn) Scrolls q - a scroll of confuse monster l - a scroll of identify Spellbooks o - a spellbook of cancellation h - a spellbook of create monster x - a spellbook of healing u - a spellbook of invisibility Potions y - a potion of monster detection d - 3 potions of holy water Rings k - a blessed +1 ring of gain strength w - a ring of teleport control Wands p - a wand of striking (0:5) Tools i - a magic marker (0:21) e - a cursed skeleton key Gems/Stones A - 2 garnet stones Tromix the Priest's attributes: Background: You were an Acolyte, a level 3 human Priest. You were lawful, on a mission for Tyr who was opposed by Odin (neutral) and Loki (chaotic). You were right-handed. You were in the Gnomish Mines, on level 4. You entered the dungeon 951 turns ago. You had 50 experience points, 30 more were needed to attain level 4. Basics: You had 0 out of 23 hit points. You had all 48 energy points (spell power). Your armor class was 6. Your wallet was empty. Autopickup was off. Final Characteristics: Your strength was 11 (limit:18/100). Your dexterity was 12 (limit:18). Your constitution was 16 (limit:18). Your intelligence was 8 (limit:18). Your wisdom was 18 (limit:18). Your charisma was 10 (limit:18). Final Status: You weren't hungry. You were unencumbered. You were wielding a mace. You had basic skill with mace. Final Attributes: You were devoutly aligned. You were guarded. You are dead. Miscellaneous: You disabled loading of bones levels. Total elapsed playing time was 8 minutes and 16 seconds. Major events: Turn 1: tromix the lawful human Priest entered the dungeon 928: entered the Gnomish Mines 938: attained the rank of Acolyte (level 3) 951: killed by a dwarf Vanquished creatures: a shrieker a gnome leader 2 gnomes 3 jackals 2 foxes a kobold 2 goblins a sewer rat 3 grid bugs a kobold zombie 5 newts 22 creatures vanquished. No species were genocided or became extinct. Voluntary challenges: You were an atheist. You read items or engraved 2 times. You never engraved Elbereth. You never genocided any monsters. You never polymorphed an object. You never changed form. You used no wishes. Achievements: You entered a shop. You entered the Gnomish Mines. You attained the rank of Acolyte. The Dungeons of Doom: levels 1 to 4 Level 1: Level 2: A general store, some sinks. Level 3: A sink. Stairs down to The Gnomish Mines. Level 4: A fountain. The Gnomish Mines: Level 4: <- You were here. Final resting place for you, killed by a dwarf. Game over: ---------- / \ / REST \ / IN \ / PEACE \ / \ | tromix | | 0 Au | | killed by a | | dwarf | | | | | | 2023 | *| * * * | * _________)/\\_//(\/(/\)/\//\/|_)_______ Goodbye tromix the Priest... You died in The Gnomish Mines on dungeon level 4 with 350 points, and 0 pieces of gold, after 951 moves. You were level 3 with a maximum of 23 hit points when you died.